 Dungeon Crawl Stone Soup version 0.29-a0-40-g8eb35efe60 (webtiles) character file.

Game seed: 18003924814888635793

136 robertstho the Chopper (level 4, -4/41 HPs)
             Began as a Minotaur Berserker on Feb 1, 2022.
             Was a Believer of Trog.
             Slain by Jessica (5 damage)
             ... on level 2 of the Dungeon.
             The game lasted 00:02:52 (1434 turns).

robertstho the Chopper (Minotaur Berserker)         Turns: 1434, Time: 00:02:55

Health: -4/41      AC:  9    Str: 23    XL:     4   Next: 98%
Magic:  3/3        EV: 10    Int:  4    God:    Trog [**....]
Gold:   87         SH:  0    Dex: 10    Spells: 3/3 levels left

rFire   . . .      SeeInvis .   a - +1 hand axe
rCold   . . .      Faith    .   (no shield)
rNeg    . . .      Spirit   .   h - +0 scale mail
rPois   .          Reflect  .   (helmet restricted)
rElec   .          Harm     .   (no cloak)
rCorr   .          Rampage  .   c - +1 pair of gloves
Will    ++...                   (no boots)
Stlth   ..........              (no amulet)
HPRegen 1.13/turn               (no ring)
MPRegen 0.08/turn               (no ring)

@: confused, lethally poisoned (-4 -> -12), ambrosia-drunk, strong-willed
(expiring), on berserk cooldown, regenerating (expiring), slowed, very slow
A: horns 2, retaliatory headbutt
a: Renounce Religion, Berserk, Trog's Hand


You were on level 2 of the Dungeon.
You worshipped Trog.
Trog was pleased with you.
You visited 1 branch of the dungeon, and saw 2 of its levels.

You collected 87 gold pieces.

Inventory:

Hand Weapons
 a - a +1 hand axe (weapon)
Armour
 c - a +1 pair of gloves (worn)
 h - a +0 scale mail (worn)


   Skills:
 * Level 4.6 Fighting
 + Level 5.0 Axes
 * Level 4.1 Armour
 + Level 2.5 Dodging


You had 3 spell levels left.
You didn't know any spells.
Your spell library was empty.

Dungeon Overview and Level Annotations

Branches:
Dungeon (2/15)

Altars:
Elyvilon

Annotations:
D:2 Jessica


Innate Abilities, Weirdness & Mutations

You have a pair of horns on your head.
You reflexively headbutt those who attack you in melee.


Message History

As you read the scroll labelled PALAETH DADDE, it crumbles to dust.
It is a scroll of enchant weapon.
Your +0 hand axe glows red for a moment.
Jessica hits you with a +5 dagger of venom.
You are poisoned.
The orc hits you but does no damage.
Jessica mumbles something strange.
Jessica hits you with a +5 dagger of venom.
You are more poisoned.
You hit Jessica.
Jessica is severely wounded.
You feel extremely sick.
Jessica hits you with a +5 dagger of venom.
You are lethally poisoned!
The orc closely misses you.
Jessica gestures wildly.
Jessica closely misses you.
You hit Jessica.
Jessica is almost dead.
* * * LOW HITPOINT WARNING * * *
You feel extremely sick.
Jessica gestures wildly while chanting.
Jessica blinks!
The orc barely misses you.
The orc hits you from afar with a +0 trident.
* * * LOW HITPOINT WARNING * * *
You feel the effects of Trog's Hand fading.
* * * LOW HITPOINT WARNING * * *
You feel very sick.
Jessica casts a spell.
Jessica blinks!
The orc hits you but does no damage.
Jessica hits you with a +5 dagger of venom.
* * * LOW HITPOINT WARNING * * *
You are more poisoned.
It was a potion of ambrosia.
You are confused.
You feel invigorated.
* * * LOW HITPOINT WARNING * * *
You feel extremely sick.
Jessica hits you with a +5 dagger of venom.
You die...

#############################
.......o)oo.@@....)..........
#######ยง#####################
#.# ##### ###.# #.... #..@#
###########.### ##.#.#
#.............. #oo###
#.#########.### #8.o8# #.#
#.### #...>...# #.# #....


You could see Jessica (fast) and 3 orcs.

Vanquished Creatures
  Terence (D:2)
  Natasha (twice) (D:2)
  2 adders (D:2)
  A worm (D:2)
  An orc (D:2)
  10 bats
  An endoplasm (D:2)
  A giant cockroach (D:2)
  A goblin (D:2)
  7 hobgoblins
  2 quokkas (D:1)
  4 ball pythons
  A frilled lizard (D:2)
  2 kobolds (D:1)
  5 rats
41 creatures vanquished.

Notes
Turn   | Place    | Note
-------+----------+-------------------------------------------
     0 | D:1      | robertstho the Minotaur Berserker began the quest for the
                  | Orb.
     0 | D:1      | Reached XP level 1. HP: 19/19 MP: 0/0
   211 | D:1      | Reached skill level 4 in Axes
   215 | D:1      | Reached XP level 2. HP: 22/27 MP: 1/1
   687 | D:2      | Noticed Natasha
   689 | D:2      | Noticed a crimson imp
   695 | D:2      | Killed Natasha
   696 | D:2      | Reached XP level 3. HP: 34/34 MP: 2/2
   784 | D:2      | Noticed Natasha
   791 | D:2      | Reached ** piety under Trog
   793 | D:2      | Killed Natasha
   794 | D:2      | Reached XP level 4. HP: 41/41 MP: 3/3
  1017 | D:2      | Found a white marble altar of Elyvilon.
  1019 | D:2      | Noticed Terence
  1028 | D:2      | Killed Terence
  1045 | D:2      | Reached skill level 5 in Axes
  1178 | D:2      | Found a faded altar of an unknown god.
  1412 | D:2      | Noticed Jessica
  1421 | D:2      | HP: 1/41 [poisoned by Jessica]
  1433 | D:2      | HP: 2/41 [Jessica (1)]
  1434 | D:2      | Slain by Jessica

Illustrated notes

Levels and vault maps discovered:
D:1:      psy_arrival_fountain, layout_rooms, chequers_serial_rivers_room_a,
          minmay_tromino_i2
D:2:      layout_basic, basic_ecumenical_altar, basic_altar, skrybe_limestone_x,
          st_stairs_6, uniq_natasha, uniq_terence, uniq_jessica

Skill      XL: |  1  2  3  4 |
---------------+-------------+-----
Axes           | 4 5 |  5.0
Fighting       | 4 |  4.6
Armour         | 3 4 |  4.1
Dodging        | |  2.5

Action                   |  1- 3 |  4- 6 || total
-------------------------+-------+-------++-------
Melee: Hand axe          |    55 |    33 ||    88
       Headbutt          |     5 |     4 ||     9
       Punch             |     1 |       ||     1
Invok: Berserk           |     2 |     2 ||     4
       Trog's Hand       |       |     1 ||     1
  Use: Scroll            |       |     3 ||     3
       Potion            |       |     3 ||     3
Armor: Animal skin       |     4 |       ||     4
       Ring mail         |     8 |     9 ||    17
       Scale mail        |       |    11 ||    11
Dodge: Dodged            |    47 |    28 ||    75

Table legend: (Time is in decaauts)
 A = Elapsed time spent in this place.
 B = Non-inter-level travel time spent in this place.
 C = Inter-level travel time spent in this place.
 D = Time resting spent in this place.
 E = Time spent auto-exploring this place.
 F = Levels seen in this place.
 G = Mean time per level.
                   A        B        C        D        E       F      G
               +--------+--------+--------+--------+--------+-----+--------+
         Total |   1487 |   1435 |     52 |     94 |   1026 |   2 |  743.5 |
       Dungeon |   1487 |   1435 |     52 |     94 |   1026 |   2 |  743.5 |
               +--------+--------+--------+--------+--------+-----+--------+

Top non-repeatable levels by time:
     D:1: 788 daAuts
     D:2: 698 daAuts
